 Dungeon Crawl Stone Soup version 0.28.0-43-g3370ac3207 (webtiles) character file.

Game seed: 4733520154604329650

16 tizbic2 the Bolt Thrower (level 2, -4/25 HPs)
             Began as a Minotaur Hunter on Mar 7, 2022.
             Slain by Terence
             ... wielding a +0 falchion
              (7 damage)
             ... on level 2 of the Dungeon.
             The game lasted 00:04:13 (646 turns).

tizbic2 the Bolt Thrower (Minotaur Hunter)           Turns: 646, Time: 00:04:15

Health: -4/25      AC:  3    Str: 16    XL:     2   Next: 41%
Magic:  1/1        EV: 11    Int:  8    God:
Gold:   8          SH:  0    Dex: 10    Spells: 1/1 levels left

rFire   . . .      SeeInvis .   a - +1 hand crossbow
rCold   . . .      Faith    .   (no shield)
rNeg    . . .      Spirit   .   c - +0 leather armour
rPois   .          Reflect  .   (helmet restricted)
rElec   .          Harm     .   (no cloak)
rCorr   .          Rampage  .   (no gloves)
Will    .....                   (no boots)
Stlth   +.........              (no amulet)
HPRegen 0.08/turn               (no ring)
MPRegen 0.07/turn               (no ring)

@: no status effects
A: horns 2, retaliatory headbutt
a: no special abilities


You were on level 2 of the Dungeon.
You visited 1 branch of the dungeon, and saw 2 of its levels.

You collected 8 gold pieces.

Inventory:

Hand Weapons
 a - a +1 hand crossbow (weapon)
 g - a +0 spear
Missiles
 d - 7 bolts (quivered ammo)
 e - 33 stones
Armour
 c - a +0 leather armour (worn)
Scrolls
 f - a scroll of silence {unknown}
 i - a scroll of fog {unknown}
Potions
 b - a potion of invisibility {unknown}
 h - a potion of haste {unknown}
 j - a potion of berserk rage {unknown}
 k - a potion of curing {unknown}


   Skills:
 - Level 2.4 Fighting
 * Level 5.1 Crossbows
 - Level 2.1 Dodging
 - Level 0.7 Stealth


You had one spell level left.
You didn't know any spells.
Your spell library was empty.

Dungeon Overview and Level Annotations

Branches:
Dungeon (2/15)

Altars:

Annotations:
D:2 Terence


Innate Abilities, Weirdness & Mutations

You have a pair of horns on your head.
You reflexively headbutt those who attack you in melee.


Message History

Fire: 13 bolts
Press: ? - help, Q - select action, (/) - cycle Shift-Dir - straight line, f/p - Terence
Aim: Terence, wielding a +0 falchion and wearing a +0 ring mail (lightly wounded, 68% to hit)
You shoot a bolt.
The bolt hits Terence but does no damage.
Terence is lightly wounded.
Terence misses you.
Fire: 12 bolts
Press: ? - help, Q - select action, (/) - cycle Shift-Dir - straight line, f/p - Terence
Aim: Terence, wielding a +0 falchion and wearing a +0 ring mail (lightly wounded, 68% to hit)
You shoot a bolt.
The bolt hits Terence but does no damage.
Terence is lightly wounded.
Terence closely misses you.
Fire: 11 bolts
Press: ? - help, Q - select action, (/) - cycle Shift-Dir - straight line, f/p - Terence
Aim: Terence, wielding a +0 falchion and wearing a +0 ring mail (lightly wounded, 68% to hit)
You shoot a bolt.
The bolt hits Terence but does no damage.
Terence is lightly wounded.
Terence barely misses you.
Fire: 10 bolts
Press: ? - help, Q - select action, (/) - cycle Shift-Dir - straight line, f/p - Terence
Aim: Terence, wielding a +0 falchion and wearing a +0 ring mail (lightly wounded, 68% to hit)
You shoot a bolt. The bolt barely misses Terence.
Terence closely misses you. You furiously retaliate!
You headbutt Terence. Terence hits you but does no damage.
Fire: 9 bolts
Press: ? - help, Q - select action, (/) - cycle Shift-Dir - straight line, f/p - Terence
Aim: Terence, wielding a +0 falchion and wearing a +0 ring mail (moderately wounded, 68% to hit)
You shoot a bolt. The bolt hits Terence!
Terence is severely wounded.
Terence hits you with a +0 falchion!
* * * LOW HITPOINT WARNING * * *
Fire: 8 bolts
Press: ? - help, Q - select action, (/) - cycle Shift-Dir - straight line, f/p - Terence
Aim: Terence, wielding a +0 falchion and wearing a +0 ring mail (severely wounded, 68% to hit)
You shoot a bolt. The bolt closely misses Terence.
Terence hits you with a +0 falchion!
You die...

#### # .(.
...
#@#####.....
#.@.<.....#
#######..##
... #


You could see Terence.

Vanquished Creatures
  A dart slug (D:1)
  2 goblins (D:1)
  3 hobgoblins (D:1)
  2 kobolds (D:1)
  3 quokkas (D:1)
  A frilled lizard (D:1)
12 creatures vanquished.

Vanquished Creatures (others)
  2 plants (D:1)
2 creatures vanquished.

Grand Total: 14 creatures vanquished

Notes
Turn   | Place    | Note
-------+----------+-------------------------------------------
     0 | D:1      | tizbic2 the Minotaur Hunter began the quest for the Orb.
     0 | D:1      | Reached XP level 1. HP: 18/18 MP: 0/0
   238 | D:1      | Reached XP level 2. HP: 25/25 MP: 1/1
   242 | D:1      | Reached skill level 5 in Crossbows
   363 | D:1      | Found a faded altar of an unknown god.
   634 | D:2      | Noticed Terence
   646 | D:2      | Slain by Terence

Illustrated notes

Levels and vault maps discovered:
D:1:      dpeg_arrival_houses_and_road, layout_rooms,
          shapermc_ecumenical_altar_mp_ritualfount
D:2:      minmay_razor_zed, layout_loops_ring, uniq_terence

Skill      XL: |  1  2 |
---------------+-------+-----
Crossbows      | 5 |  5.1
Fighting       | |  2.4
Dodging        | |  2.1
Stealth        | |  0.7

Action                   || total
-------------------------++-------
Melee: Spear             ||    22
       Headbutt          ||     2
 Fire: Hand crossbow     ||    21
Armor: Leather armour    ||     5
Dodge: Dodged            ||    17
